 Seeded DCSS version 0.30-b1-5-g8e6c1be481 (webtiles) character file.

Game seed: 1 (custom seed)

1748 Kazon the Conjurer (level 8, -8/39 HPs)
             Began as a Deep Elf Conjurer on May 3, 2023.
             Was a Follower of Hepliaklqana.
             Mangled by a troll (10 damage)
             ... on level 7 of the Dungeon.
             The game lasted 00:37:34 (4910 turns).

Kazon the Conjurer (Deep Elf Conjurer)              Turns: 4910, Time: 00:37:34

Health: -8/39      AC:  6    Str:  9    XL:     8   Next: 78%
Magic:  13/18      EV: 12    Int: 29    God:    Hepliaklqana [*.....]
Gold:   511        SH:  0    Dex: 13    Spells: 12/18 levels left

rFire   . . .        e - +0 dagger "Esten" {freeze, rN+ Will+ Int+5}
rCold   . . .        (no shield)
rNeg    + . .        w - +1 leather armour of Unyg {Str+3}
rPois   .            a - +0 hat
rElec   .            L - +1 cloak
rCorr   +            (no gloves)
SInv    .            (no boots)
Will    +....        G - amulet of regeneration
Stlth   +++          y - ring of wizardry
HPRegen 1.06/turn    F - ring of resist corrosion
MPRegen 0.16/turn

%: wizardry (x1)
@: no status effects
A: reduced essence
a: Renounce Religion, Recall Ancestor, Ancestor Identity


You were on level 7 of the Dungeon.
You worshipped Hepliaklqana.
Hepliaklqana was aware of your devotion.
You visited 1 branch of the dungeon, and saw 7 of its levels.
You also visited: Ossuary.

You collected 630 gold pieces.
You spent 119 gold pieces at shops.

Inventory:

Hand Weapons
 e - the +0 dagger "Esten" (weapon) {freeze, rN+ Will+ Int+5}
   (You found it on level 4 of the Dungeon)

   Int:       It affects your intelligence (+5).
   rN:        It protects you from negative energy.
   Will:      It increases your willpower.
 p - a +2 dagger of venom
Missiles
 k - 6 poisoned darts (quivered)
 u - 2 boomerangs
Armour
 a - a +0 hat (worn)
 w - the +1 leather armour of Unyg (worn) {Str+3}
   (You bought it in a shop on level 3 of the Dungeon)

   Str:       It affects your strength (+3).
 L - a +1 cloak (worn)
Magical Staves
 D - a staff of air
Jewellery
 g - an amulet of guardian spirit
 y - a ring of wizardry (left hand)
 F - a ring of resist corrosion (right hand)
 G - an amulet of regeneration (around neck)
Wands
 H - a wand of acid (8)
 I - a wand of polymorph (12)
 J - a wand of roots (7)
 K - a wand of digging (7)
Scrolls
 c - 2 scrolls of noise {unknown}
 d - a scroll of silence {unknown}
 f - a scroll of magic mapping {unknown}
 h - 2 scrolls of vulnerability {unknown}
 i - 7 scrolls of identify
 m - 2 scrolls of poison {unknown}
 q - 4 scrolls of blinking {unknown}
 s - 2 scrolls of fear {unknown}
 v - 2 scrolls of immolation {unknown}
 z - a scroll of teleportation {unknown}
 A - 2 scrolls of enchant weapon {unknown}
 C - a scroll of fog {unknown}
Potions
 b - 3 potions of magic
 j - a potion of ambrosia {unknown}
 l - a potion of attraction {unknown}
 n - 6 potions of heal wounds
 o - 3 potions of haste
 r - 3 potions of mutation
 t - 8 potions of curing
 x - 2 potions of lignification
 B - 2 potions of flight {unknown}
 E - 2 potions of brilliance {unknown}
 M - a potion of invisibility {unknown}


   Skills:
 * Level 1.7 Fighting
 + Level 3.5 Short Blades
 + Level 1.3 Throwing
 + Level 2.4 Armour
 + Level 4.2 Dodging
 + Level 6.3 Stealth
 + Level 5.5 Spellcasting
 + Level 6.3 Conjurations
 + Level 3.2 Necromancy
 * Level 3.6 Invocations
 * Level 3.2 Evocations


You had 12 spell levels left.
You knew the following spells:

 Your Spells              Type           Power      Damage    Failure   Level
a - Magic Dart            Conj           100%       1d8       1%          1
b - Searing Ray           Conj           88%        2d7       1%          2
c - Vampiric Draining     Necr           26%        2d7       2%          3

Your spell library contained the following spells:

 Spells                   Type           Power      Damage    Failure   Level
 Dazzling Flash           Conj/Hex       52%        N/A       2%          3
 Slow                     Hex            32%        N/A       3%          1
 Fulminant Prism          Conj/Hex       13%        3d8       9%          4
 Iskenderun's Mystic Bla  Conj/Tloc      26%        2d7       9%          4
 Confusing Touch          Hex            8%         N/A       10%         3
 Volatile Blastmotes      Fire/Tloc      16%        2d11      10%         3
 Anguish                  Hex/Necr       8%         N/A       16%         4
 Cause Fear               Hex            4%         N/A       32%         4
 Summon Lightning Spire   Summ/Air       8%         N/A       32%         4
 Starburst                Conj/Fire      13%        6d5       77%         6
 Enfeeble                 Hex            4%         N/A       100%        7
 Storm Form               Tmut/Air       4%         N/A       100%        7
 Maxwell's Capacitive Co  Air            4%         ∞         100%        8


Dungeon Overview and Level Annotations

Branches:
Dungeon (7/15)            Ossuary (visited)
 Temple: D:4-7

Altars:
Hepliaklqana

Shops:
D:3 [


Message History

Throw: 9 darts (poison)
Press: ? - help, Q - select action, (/) - cycle Shift-Dir - straight line, f/p - troll
Aim: a troll (poisoned, ally target, 56% to hit)
You throw a poisoned dart. The poisoned dart hits the troll.
Throw: 8 darts (poison)
Press: ? - help, Q - select action, (/) - cycle Shift-Dir - straight line, f/p - troll
Aim: a troll (poisoned, ally target, 56% to hit)
You throw a poisoned dart. Ferran avoids your attack.
The poisoned dart barely misses the troll.
A wight comes into view. It is wielding a +5 short sword.
A wight comes into view.
It is wielding a +4 morningstar of freezing.
Ferran hits the troll.
Throw: 7 darts (poison)
Press: ? - help, Q - select action, (/) - cycle Shift-Dir - straight line, f/p - troll
Aim: a troll (lightly wounded, poisoned, ally target, 56% to hit)
You throw a poisoned dart.
The poisoned dart closely misses the troll.
Ferran barely misses the troll.
You hit the troll but do no damage.
The troll is lightly wounded.
Ferran barely misses the troll.
The troll bites you! The troll misses you. The troll claws you!
Casting: Magic Dart (safe; 1% risk of failure)
Confirm with . or Enter, or press ? or * to list all spells.
Aiming: Searing Ray (safe; 1% risk of failure)
Press: ? - help, Shift-Dir - straight line, f - wight, p - troll
Aim: a wight, wielding a +4 morningstar of freezing and wearing a +0 robe (82% to hit)
The searing ray hits the troll!
The troll is heavily wounded.
Ferran avoids your attack.
The searing ray hits the wight!
The wight is heavily damaged.
The searing ray hits the wight.
The wight is lightly damaged. (Press . to maintain the ray.) Ferran closely misses the troll.
The wight hits Ferran with a +3 trident of freezing!
The wight freezes Ferran.
The troll bites you!
* * * LOW HITPOINT WARNING * * *
The troll claws you!
You die...

########## #........#
#........# #
#........# #.
+........# #..
##.###..##
#...###.###..##
#.....#.).....#
#(...zT@......#
#..zzR#...<...#
#[..###..###.########
#(( ###..###........#
#( #......#..##'##.#
.z #......#..#...#.#
. #......#..#...+.#
#......#..#...#.#
###...###.##'##.#


You could see the friendly Ferran the ancestor, a troll (poisoned, ally target)
and 3 wights.

Vanquished Creatures
  A hornet (D:7)
  Grinder (D:6)
  Eustachio (D:6)
  An ice beast (D:3)
  A black bear (D:4)
  3 scorpions
  A wight (D:7)
  5 hounds
  A jelly (D:5)
  A sleepcap (D:6)
  An orc wizard (D:6)
  3 mummies (Ossuary)
  17 adders
  6 gnolls (D:3)
  A shadow imp (D:6)
  2 dart slugs
  5 orcs
  4 endoplasms
  3 giant cockroaches
  A gnoll zombie (Ossuary)
  7 goblins
  9 hobgoblins
  4 quokkas
  11 ball pythons
  6 bats
  A frilled lizard (D:1)
  A hobgoblin zombie (Ossuary)
  5 kobolds
  3 kobold zombies (Ossuary)
  7 rats
113 creatures vanquished.

Vanquished Creatures (collateral kills)
  A centaur (D:6)
  A jelly (D:6)
  A sleepcap (D:6)
  5 mummies (Ossuary)
  A kobold zombie (Ossuary)
  2 orc zombies (Ossuary)
11 creatures vanquished.

Vanquished Creatures (others)
  11 plants (D:3)
11 creatures vanquished.

Grand Total: 135 creatures vanquished

Notes
Turn   | Place    | Note
-------+----------+-------------------------------------------
     0 | D:1      | Kazon the Deep Elf Conjurer began the quest for the Orb.
     0 | D:1      | Reached XP level 1. HP: 10/10 MP: 6/6
   114 | D:1      | Found a faded altar of an unknown god.
   229 | D:1      | Reached XP level 2. HP: 14/15 MP: 6/8
   444 | D:1      | Reached skill level 5 in Conjurations
   636 | D:1      | Learned a level 2 spell: Searing Ray
   979 | D:2      | Reached XP level 3. HP: 19/19 MP: 3/9
  1017 | D:2      | Reached skill level 1 in Short Blades
  1123 | D:2      | Learned a level 3 spell: Vampiric Draining
  1223 | D:2      | Reached XP level 4. HP: 24/24 MP: 10/10
  1475 | D:3      | Found Pazuischa's Antique Armour Shoppe.
  1688 | D:3      | Bought a dazzling leather armour for 119 gold pieces
  1688 | D:3      | Identified the +1 leather armour of Unyg {Str+3} (You
                  | bought it in a shop on level 3 of the Dungeon)
  2028 | D:3      | Noticed an ice beast
  2048 | D:3      | Killed an ice beast
  2049 | D:3      | Reached XP level 5. HP: 6/28 MP: 2/12
  2316 | D:4      | Reached XP level 6. HP: 18/33 MP: 10/13
  2413 | D:4      | Identified the +0 dagger "Esten" {freeze, rN+ Will+ Int+5}
  2485 | D:4      | Reached skill level 1 in Throwing
  2590 | D:4      | Reached skill level 1 in Fighting
  2809 | D:4      | Reached skill level 5 in Stealth
  2837 | D:4      | Found a hazy altar of Hepliaklqana.
  2842 | D:4      | Became a worshipper of Hepliaklqana the Forgotten
  2916 | D:5      | Entered Level 5 of the Dungeon
  2938 | D:5      | Reached skill level 1 in Necromancy
  2938 | D:5      | Reached XP level 7. HP: 38/38 MP: 10/15
  3335 | D:5      | Reached skill level 1 in Armour
  3546 | D:5      | Reached skill level 1 in Invocations
  3816 | D:6      | Reached * piety under Hepliaklqana
  3824 | D:6      | Reached skill level 1 in Evocations
  3962 | D:6      | Noticed Grinder
  3970 | D:6      | Killed Grinder
  4109 | D:6      | Reached XP level 8. HP: 25/38 MP: 17/17
  4173 | D:6      | Noticed Eustachio
  4187 | D:6      | Killed Eustachio
  4188 | D:6      | Reached skill level 5 in Spellcasting
  4267 | D:6      | Identified the +6 spear "Guvuemar" {flame, rC+ MP+9 Int+5}
  4474 | D:7      | Noticed a hornet
  4477 | D:7      | Paralysed by a hornet for 1 turns
  4479 | D:7      | Killed a hornet
  4504 | D:7      | Found a sand-covered staircase.
  4513 | Ossuary  | Entered an ossuary
  4881 | D:7      | Noticed a troll
  4910 | D:7      | Mangled by a troll

Illustrated notes

Levels and vault maps discovered:
D:1:      dpeg_arrival_snail, layout_loops_ring, nicolae_ecumenical_lake_church,
          amethyst_killhole
D:2:      layout_rooms, st_stairs_9
D:3:      layout_rooms, serial_shops, shop, serial_bayou_pond_c,
          kennysheep_generic_room_14
D:4:      black_bear_nest_1, layout_rooms, lemuel_doored_altar,
          kennysheep_donut, minmay_snake_closets
D:5:      layout_basic
D:6:      layout_basic, st_stairs_10, uniq_eustachio, uniq_grinder
D:7:      layout_gridville, nicolae_uskayaw_dance_studio, elyvilon_altar_3,
          lemuel_temple_firewalk_b, enter_ossuary_2,
          gammafunk_ghost_nasty_kobolds, uniq_crazy_yiuf_cottage

Skill      XL: |  1  2  3  4  5  6  7  8 |
---------------+-------------------------+-----
Conjurations   | 5 6 |  6.3
Stealth        | 3 4 5 6 |  6.3
Short Blades   | 1 2 3 |  3.5
Dodging        | 3 4 |  4.2
Throwing       | 1 |  1.3
Spellcasting   | 4 5 |  5.5
Fighting       | 1 |  1.7
Necromancy     | 1 2 3 |  3.2
Armour         | 1 2 |  2.4
Invocations    | 1 3 |  3.6
Evocations     | 1 3 |  3.2

Action                     |  1- 3 |  4- 6 |  7- 9 || total
---------------------------+-------+-------+-------++-------
  Melee: Dagger            |    48 |    85 |    78 ||   211
         Unarmed           |     1 |       |       ||     1
         Punch             |     1 |     1 |       ||     2
  Throw: Stone             |       |    12 |    15 ||    27
         Dart              |       |     8 |     4 ||    12
         Boomerang         |       |     3 |       ||     3
   Cast: Magic Dart        |    24 |    23 |    60 ||   107
         Searing Ray       |     4 |    17 |     8 ||    29
         Vampiric Draining |       |     1 |       ||     1
 Invoke: Ancestor Identity |       |       |     1 ||     1
    Use: Scroll            |       |     1 |     5 ||     6
   Stab: Sleeping          |     6 |     9 |     6 ||    21
 Armour: Robe              |     8 |       |       ||     8
         Leather armour    |       |    17 |    18 ||    35
  Dodge: Dodged            |    27 |    58 |    43 ||   128
